 Dungeon Crawl Stone Soup version 0.24.1-8-ga250c9d538 (webtiles) character file.

Game seed: 3182895715893655147, levelgen mode: deterministic

536 nightchill the Chopper (level 7, -9/66 HPs)
             Began as a Deep Dwarf Fighter on May 6, 2020.
             Was an Initiate of Makhleb.
             Mangled by an ogre
             ... wielding a +0 giant club
              (11 damage)
             ... on level 4 of the Dungeon.
             The game lasted 00:10:46 (3409 turns).

nightchill the Chopper (Deep Dwarf Fighter)         Turns: 3409, Time: 00:10:46

Health: -9/66      AC:  6    Str: 21    XL:     7   Next: 4%
Magic:  9/9        EV:  8    Int:  9    God:    Makhleb [......]
Gold:   249        SH:  9    Dex: 12    Spells: 6/6 levels left

rFire    . . .     SeeInvis .   a - +0 war axe
rCold    . . .     Gourm    .   c - +0 shield
rNeg     . . .     Faith    .   h - +0 scale mail
rPois    .         Spirit   .   (no helmet)
rElec    .         Reflect  .   (no cloak)
rCorr    .         Harm     .   (no gloves)
MR       +....                  (no boots)
Stlth    ..........             (no amulet)
HPRegen  0.00/turn              (no ring)
MPRegen  0.11/turn              (no ring)

@: non-regenerating
A: damage resistance, heal wounds, sense surroundings 1, no regeneration
a: Heal Wounds, Renounce Religion


You were on level 4 of the Dungeon.
You worshipped Makhleb.
Makhleb was noncommittal.
You were not hungry.

You visited 2 branches of the dungeon, and saw 5 of its levels.

You collected 249 gold pieces.

Inventory:

Hand Weapons
 a - a +0 war axe (weapon)
 b - a +1 vampiric dagger
Missiles
 e - 43 poisoned darts (quivered)
Armour
 c - a +0 shield (worn)
 h - a +0 scale mail (worn)
Jewellery
 l - a cursed ring of attention {unknown}
 m - an uncursed ring of fire {unknown}
Wands
 q - a wand of acid (5)
Scrolls
 g - 4 scrolls of teleportation {unknown}
 i - a scroll of fear {unknown}
 p - a scroll of fog {unknown}
 s - a scroll of amnesia {unknown}
 u - 4 scrolls of identify {unknown}
 v - a scroll of magic mapping {unknown}
 x - a scroll of remove curse {unknown}
 y - a scroll of immolation {unknown}
Potions
 d - 2 potions of might
 j - a potion of mutation {unknown}
 k - a potion of lignification {unknown}
 n - a potion of magic {unknown}
 o - a potion of degeneration {unknown}
 r - 2 potions of brilliance {unknown}
 t - a potion of curing {unknown}
 w - a potion of resistance {unknown}
 z - 2 potions of ambrosia {unknown}
Comestibles
 f - 15 rations
 A - a chunk of flesh


   Skills:
 + Level 4.3 Fighting
 - Level 0.8 Short Blades
 * Level 6.4 Axes
 - Level 3.2 Armour
 - Level 1.3 Dodging
 - Level 0.8 Stealth
 - Level 3.2 Shields
 + Level 2.8 Invocations


You had 6 spell levels left.
You didn't know any spells.
Your spell library was empty.

Dungeon Overview and Level Annotations

Branches:
Dungeon (4/15)             Temple (1/1) D:4

Altars:
Cheibriados
Dithmenos
Fedhas
Makhleb
Nemelex Xobeh
Qazlal
Trog
Uskayaw
Xom
The Shining One


Innate Abilities, Weirdness & Mutations

You are resistant to damage.
You can heal yourself by infusing magical energy.
You passively map a small area around you.
You do not regenerate.


Message History

Makhleb accepts your kill.
You hit the ogre.
The ogre is lightly wounded.
The ogre hits you with a +0 giant club.
You closely miss the ogre.
The ogre is lightly wounded.
You block the ogre's attack.
You completely miss the ogre.
The ogre is lightly wounded.
The ogre hits you with a +0 giant club!!
* * * LOW HITPOINT WARNING * * *
Throwing (i - inventory)
e - 44 poisoned darts (quivered)
Press: ? - help, Shift-Dir - straight line, f - ogre
Aim: an ogre, wielding a +0 giant club You throw a poisoned dart.
The poisoned dart barely misses the ogre.
The ogre hits you with a +0 giant club!
* * * LOW HITPOINT WARNING * * *
The ogre hits you with a +0 giant club!
You die...

##...## ###.# ####'####
#.....# #.# ...# #.....#
#.# *.....# #.....# #.#
....... #....## #.#
#.......# #..### ####.#
#.......# #..# #....#
##.....## #..#
#O########## ### #..# #@#
##....#####.. #..#
#.####............ #..##
#...........###... #...#
######......# #... ##..#
#......# ##.# #..#
#.##.### #.. #..# #.##)#
### #..# #.##.#
#..##########.##.########


You could see an ogre.

Vanquished Creatures
  Duvessa (D:4)
  Dowan (D:4)
  A howler monkey (D:4)
  A bullfrog zombie (D:3)
  A hound (D:4)
  An orc priest (D:4)
  3 orc wizards (D:4)
  A worker ant (D:3)
  A howler monkey skeleton (D:3)
  4 adders
  An ooze (D:3)
  An adder skeleton (D:4)
  A worm (D:3)
  2 dart slugs
  A leopard gecko (D:2)
  15 orcs
  A ball python (D:1)
  7 bats
  7 giant cockroaches
  4 goblins
  6 hobgoblins
  7 kobolds
  2 quokkas
  5 frilled lizards
  8 rats (D:1)
83 creatures vanquished.

Notes
Turn   | Place    | Note
-------+----------+-------------------------------------------
     0 | D:1      | nightchill the Deep Dwarf Fighter began the quest for the
                  | Orb.
     0 | D:1      | Reached XP level 1. HP: 20/20 MP: 1/1
   370 | D:1      | Reached XP level 2. HP: 27/27 MP: 2/2
   485 | D:1      | Reached skill level 3 in Axes
   865 | D:2      | Reached XP level 3. HP: 34/34 MP: 3/3
   916 | D:2      | Found a blossoming altar of Fedhas.
  1567 | D:3      | Reached skill level 4 in Axes
  1567 | D:3      | Reached XP level 4. HP: 22/42 MP: 4/4
  1944 | D:3      | Reached XP level 5. HP: 32/49 MP: 5/5
  2094 | D:3      | Reached skill level 5 in Axes
  2608 | D:4      | Reached skill level 1 in Dodging
  2782 | D:4      | Found a staircase to the Ecumenical Temple.
  2791 | Temple   | Entered the Ecumenical Temple
  2853 | Temple   | Became a worshipper of Makhleb the Destroyer
  2947 | D:4      | Reached skill level 1 in Invocations
  2947 | D:4      | Reached XP level 6. HP: 47/57 MP: 6/6
  3133 | D:4      | Noticed Dowan
  3135 | D:4      | Noticed Duvessa
  3151 | D:4      | Killed Duvessa
  3151 | D:4      | Reached skill level 6 in Axes
  3193 | D:4      | Killed Dowan
  3210 | D:4      | Reached XP level 7. HP: 44/66 MP: 9/9
  3403 | D:4      | HP: 2/66 [ogre/+0 giant club (14)]
  3409 | D:4      | Mangled by an ogre

Levels and vault maps discovered:
D:1:      ncdulo_smallfort, layout_basic
D:2:      layout_rooms, overflow_temple_1_default
D:3:      layout_basic, first_ration
D:4:      kennysheep_six_static_rooms, layout_loops_ring, temple_statues,
          uniq_duvessa
Temple:   jpeg_temple_island

Skill      XL: |  1  2  3  4  5  6 |
---------------+-------------------+-----
Axes           | 3 4 5 6 |  6.4
Fighting       | 3 4 |  4.3
Dodging        | 1 |  1.3
Invocations    | 1 2 |  2.8
Short Blades   | |  0.8
Armour         | |  3.2
Stealth        | |  0.8
Shields        | |  3.2

Action                   |  1- 3 |  4- 6 |  7- 9 || total
-------------------------+-------+-------+-------++-------
Melee: War axe           |   102 |    88 |     8 ||   198
       Dagger            |    15 |   222 |       ||   237
Throw: Dart              |       |       |     1 ||     1
 Abil: Heal Wounds       |       |     1 |       ||     1
  Use: Potion            |       |     1 |       ||     1
  Eat: Chunk             |     2 |     6 |     1 ||     9
Armor: Scale mail        |    58 |   108 |     1 ||   167
Dodge: Dodged            |    39 |    91 |     2 ||   132
Block: Shield            |    54 |   137 |     5 ||   196
